 Dungeon Crawl Stone Soup version 0.17.2-1-ge4368a0 (webtiles) character file.

39 rlgrobin the Insei (level 3, -2/29 HPs)
             Began as a Mummy Monk on Apr 18, 2017.
             Slain by an orc warrior
             ... wielding a +0 short sword
              (18 damage)
             ... on level 3 of the Dungeon.
             The game lasted 00:02:00 (2087 turns).

rlgrobin the Insei (Mummy Monk)                     Turns: 2087, Time: 00:02:00

Health: -2/29      AC:  1    Str: 14    XL:     3   Next: 28%
Magic:  3/3        EV: 13    Int:  9    God:
Gold:   89         SH:  0    Dex: 15    Spells: 0 memorised, 2 levels left

rFire  x . .     SeeInvis .       - Unarmed
rCold  + . .     Clarity  .     (no armour)
rNeg   + + +     SustAt   .     (no shield)
rPois  ∞         Gourm    .     (no helmet)
rElec  .         Spirit   .     (no cloak)
rCorr  .         Warding  .     g - +0 pair of gloves
rMut   .         Stasis   .     (no boots)
MR     .....                    (no amulet)
Stlth  +.........               c - ring of loudness (curse)
                                (no ring)

@: not resistant to hostile enchantments, very unstealthy
A: no food or potions, fire vulnerability, cold resistance 1, negative energy
resistance 3, torment resistance, unbreathing
a: no special abilities


You were on level 3 of the Dungeon.
You were not hungry.

You visited 1 branch of the dungeon, and saw 3 of its levels.

You collected 89 gold pieces.


Innate Abilities, Weirdness & Mutations

You do not eat or drink.
Your flesh is vulnerable to fire.
You are immune to poison.
Your flesh is cold resistant.
You are immune to negative energy.
You are immune to unholy pain and torment.
You can survive without breathing.


   Skills:
 - Level 3.0 Fighting
 - Level 2.4 Dodging
 - Level 1.5 Stealth
 + Level 4.2 Unarmed Combat


You had 2 spell levels left.
You didn't know any spells.

Inventory:

Armour
 g - a +0 pair of gloves (worn)
Jewellery
 c - a cursed ring of loudness (right hand)
 d - an uncursed amulet of faith {unknown}
Scrolls
 a - a scroll of enchant armour {unknown}
 b - a scroll of remove curse {unknown}
 e - 2 scrolls of random uselessness {unknown}
 f - 2 scrolls of fog {unknown}
 h - a scroll of fear {unknown}
 i - 2 scrolls of teleportation {unknown}
 j - 2 scrolls of identify {unknown}

Dungeon Overview and Level Annotations

Branches:
Dungeon (3/15)

Altars:
Nemelex Xobeh

▒▒▒▒▒▒▒▒▒▒▒▒▒▒▒▒
▒▒▒▒▒▒▒o.o.......£....
▒(..oMo.▒▒▒▒▒▒▒▒▒▒▒▒▒▒
▒.▒▒▒▒▒▒▒ ▒.▒▒▒▒▒


You could see an orc warrior and 3 orcs.


Message History

An orc, an orc warrior, an orc priest and an orc wizard come into view!
The orc warrior shouts!!!
The orc priest shouts!!!
The orc wizard shouts!!!
The orc hits you!
You take 4 damage, and have 25/29 hp!
You squash the orc but do no damage!
The orc misses you!
You barely miss the orc! The orc hits you but does no damage!
You pummel the orc but do no damage!
The orc wizard gestures wildly while chanting!
The orc wizard seems to speed up!
You see here a mace!
Found 10 gold pieces!
The orc wizard mumbles some strange words!
The orc wizard flickers and vanishes!!!
Deactivating autopickup; reactivate with Ctrl-A!
You see here 10 gold pieces!
An orc comes into view! It is wielding a dagger!
Found a throwing net!
The orc hits you with a dagger!
You take 2 damage, and have 26/29 hp!
You squash the orc but do no damage!
The orc warrior hits you with a short sword!!!
You take 10 damage, and have 16/29 hp!
MASSIVE DAMAGE!!!!!!
You closely miss the orc! The orc closely misses you!
The orc warrior closely misses you!
You squash the orc like an ant!
The orc is lightly wounded!
The orc misses you!
The orc warrior hits you with a short sword!!!!!!
DANG rip

Action                   || total
-------------------------++-------
Melee: Unarmed           ||   133

Vault maps used:
D:1:      evilmike_arrival_home_sweet_home
D:2:      nicolae_ru_sacrificial_ziggurat
D:3:      first_bread, roderic_hopi_sauvastika,
          nemelex_xobeh_ov_fountains_minmay, uniq_terence, uniq_sigmund

Notes
Turn   | Place    | Note
--------------------------------------------------------------
     0 | D:1      | rlgrobin the Mummy Monk began the quest for the Orb.
     0 | D:1      | Reached XP level 1. HP: 18/18 MP: 1/1
   476 | D:1      | Reached XP level 2. HP: 17/24 MP: 2/2
  1458 | D:2      | Reached skill level 4 in Unarmed Combat
  1458 | D:2      | Reached XP level 3. HP: 21/29 MP: 3/3
  1859 | D:3      | Found a sparkling altar of Nemelex Xobeh.
  2053 | D:3      | Noticed an orc warrior
  2087 | D:3      | Slain by an orc warrior

Vanquished Creatures
  An adder (D:2)
  A worm (D:2)
  2 giant cockroaches
  3 hobgoblins (D:1)
  2 jackals (D:2)
  A quokka (D:1)
  6 bats (D:1)
  A giant gecko (D:1)
  A giant newt (D:2)
  3 goblins
  5 kobolds
  3 rats (D:1)
29 creatures vanquished.
